 Dungeon Crawl Stone Soup version 0.27.0-1-g7a089689b8 (webtiles) character file.

Game seed: 5229860712561075142

147 Sin92 the Skirmisher (level 5, -6/41 HPs)
             Began as a Demonspawn Fighter on Aug 13, 2021.
             Mangled by Sigmund (7 damage)
             ... on level 3 of the Dungeon.
             The game lasted 00:04:16 (2526 turns).

Sin92 the Skirmisher (Demonspawn Fighter)           Turns: 2526, Time: 00:04:16

Health: -6/41      AC:  9    Str: 14 (16) XL:     5   Next: 8%
Magic:  5/5        EV:  7    Int:  8 (9)  God:
Gold:   159        SH:  8    Dex: 12 (14) Spells: 4/4 levels left

rFire    + + .     SeeInvis .   a - +0 long sword (elec)
rCold    . . .     Faith    .   c - +0 kite shield
rNeg     . . .     Spirit   .   f - +1 scale mail {rF+}
rPois    .         Reflect  .   (helmet restricted)
rElec    .         Harm     .   (no cloak)
rCorr    .         Rampage  .   (no gloves)
Will     .....                  p - +0 pair of boots
Stlth    ..........             (no amulet)
HPRegen  0.13/turn              n - ring of protection from fire
MPRegen  0.09/turn              (no ring)

@: lethally poisoned (-6 -> -26), attractive
A: antennae 2, ignite blood 1
a: no special abilities


You were on level 3 of the Dungeon.
You visited 1 branch of the dungeon, and saw 3 of its levels.

You collected 159 gold pieces.

Inventory:

Hand Weapons
 a - a +0 long sword of electrocution (weapon)
 m - a +3 whip of venom
Armour
 b - a +0 scale mail
 c - a +0 kite shield (worn)
 f - a +1 scale mail of fire resistance (worn)
 p - a +0 pair of boots (worn)
Jewellery
 n - a ring of protection from fire (left hand)
Scrolls
 d - a scroll of noise {unknown}
 k - 2 scrolls of teleportation
Potions
 i - 2 potions of cancellation


   Skills:
 + Level 3.5 Fighting
 * Level 3.1 Long Blades
 + Level 3.2 Armour
 + Level 1.5 Dodging
 + Level 3.2 Shields


You had 4 spell levels left.
You didn't know any spells.
Your spell library was empty.

Dungeon Overview and Level Annotations

Branches:
Dungeon (3/15)

Altars:

Annotations:
D:3 Sigmund


Innate Abilities, Weirdness & Mutations

You have a pair of antennae on your head.
Your demonic aura sometimes causes spilled blood to erupt in flames.


Message History

Sigmund hits you but does no damage.
You are lethally poisoned!
Unknown command.
It was a potion of cancellation.
You feel magically purged.
* * * LOW HITPOINT WARNING * * *
You feel very sick.
Sigmund laughs darkly.
Sigmund hits you with a +1 scythe of venom.
* * * LOW HITPOINT WARNING * * *
You are more poisoned.
It was a potion of heal wounds.
You feel much better.
You feel very sick. Sigmund casts a spell at you.
The puff of flame hits you but does no damage.
It was a potion of degeneration.
There was something very wrong with that liquid.
You feel weakened.
You feel dopey.
You feel clumsy.
You feel very sick. You block Sigmund's attack.
It was a potion of attraction.
You feel attractive to monsters.
You feel very sick. Sigmund casts a spell at you.
The magic dart hits you but does no damage.
It was a potion of curing.
You feel better.
Sigmund hits you with a +1 scythe of venom.
You are poisoned.
You barely miss Sigmund.
Sigmund is heavily wounded.
You feel very sick.
Sigmund hits you with a +1 scythe of venom!
* * * LOW HITPOINT WARNING * * *
You are lethally poisoned!
Sigmund gestures at you while chanting.
The magic dart hits you but does no damage.
You closely miss Sigmund.
Sigmund is heavily wounded.
* * * LOW HITPOINT WARNING * * *
You feel extremely sick.
Sigmund hits you with a +1 scythe of venom!
You die...

### ..#
####.##
##.##.. #
#...@.#
#.##.##@#
#.......#
####.####
##.###########
#.#....#.....#
##.###.#.....#
#####.#.....#
##........#
#..........#


You could see Sigmund.

Vanquished Creatures
  Terence (D:2)
  6 adders
  4 dart slugs
  An endoplasm (D:3)
  2 giant cockroaches
  2 goblins (D:1)
  4 hobgoblins
  11 jackals
  6 kobolds
  5 quokkas
  6 ball pythons
  4 bats
  2 frilled lizards
  6 rats
60 creatures vanquished.

Notes
Turn   | Place    | Note
-------+----------+-------------------------------------------
     0 | D:1      | Sin92 the Demonspawn Fighter began the quest for the Orb.
     0 | D:1      | Reached XP level 1. HP: 18/18 MP: 1/1
     6 | D:1      | Found a faded altar of an unknown god.
   124 | D:1      | Gained mutation: Your demonic aura sometimes causes spilled
                  | blood to erupt in flames. [demonic ancestry]
   124 | D:1      | Reached XP level 2. HP: 23/24 MP: 2/2
   757 | D:2      | Gained mutation: You have a pair of small antennae on your
                  | head. [demonic ancestry]
   757 | D:2      | Reached XP level 3. HP: 24/29 MP: 3/3
   991 | D:2      | Reached skill level 1 in Dodging
  1644 | D:2      | Gained mutation: You have a pair of antennae on your head.
                  | [demonic ancestry]
  1644 | D:2      | Reached XP level 4. HP: 24/35 MP: 4/4
  2069 | D:2      | Noticed Terence
  2076 | D:2      | Killed Terence
  2409 | D:3      | Reached XP level 5. HP: 37/41 MP: 5/5
  2515 | D:3      | Noticed Sigmund
  2526 | D:3      | HP: 1/41 [poisoned by Sigmund]
  2526 | D:3      | Mangled by Sigmund

Illustrated notes

Levels and vault maps discovered:
D:1:      dpeg_arrival_pond, layout_rooms, hellmonk_ecumenical_altar_lost_god,
          minmay_misc_feat_x, minivault_24, minivault_23, minmay_tetromino_i4
D:2:      layout_loops_cross, uniq_terence
D:3:      layout_loops_cross, mainiacjoe_overflow_divided_tiny, uniq_sigmund

Skill      XL: |  1  2  3  4 |
---------------+-------------+-----
Long Blades    | 2 3 |  3.1
Dodging        | 1 |  1.5
Shields        | 3 |  3.2
Armour         | 3 |  3.2
Fighting       | |  3.5

Action                   |  1- 3 |  4- 6 || total
-------------------------+-------+-------++-------
Melee: Long sword        |   114 |    58 ||   172
  Use: Scroll            |       |     3 ||     3
       Potion            |       |     6 ||     6
Armor: Scale mail        |    64 |    23 ||    87
Dodge: Dodged            |    47 |    16 ||    63
Block: Kite shield       |    71 |    36 ||   107
       Rpst.: Long sword |    17 |     4 ||    21
